Map: Simulacrum LE

Players

NORTHAMERICA - Winner!

  • Race: Protoss Protoss
  • League: Master
  • Spawn Location: 11:00

SuperNova

  • Race: Terran Terran
  • League: Master
  • Spawn Location: 5:00

VOD

Have the link to the VOD?

Description

Time

  • Played on: Dec. 3, 2019, 4:09 a.m.
  • Length: 5:09
Show
View Real Time Build Order
Export as new Build Order

NORTHAMERICA Protoss - Winner!

Build Orders: 1 Gate Expand, Dark Templar Rush 

Get SALT Encoding   

  12  0:01  Probe  
  13  0:13  Probe  
  14  0:19  Pylon  
  14  0:25  Probe  
  15  0:37  Probe (Chrono Boost)  
  15  0:39  Gateway  
  16  0:48  Assimilator  
  16  0:49  Probe (Chrono Boost)  
  17  0:54  Probe (Chrono Boost)  
  18  1:05  Probe  
  19  1:17  Probe  
  20  1:27  Nexus  
  20  1:39  Probe, Cybernetics Core  
  21  1:45  Assimilator  
  21  1:51  Probe  
  22  1:57  Pylon  
  22  2:03  Probe  
  23  2:12  Adept (Chrono Boost)  
  23  2:15  Probe (Chrono Boost)  
  23  2:16  Warp Gate  
  26  2:24  Twilight Council  
  26  2:25  Probe (Chrono Boost)  
  27  2:30  Probe (Chrono Boost)  
  27  2:34  Pylon  
  28  2:42  Probe  
  29  2:46  Stalker (Chrono Boost)  
  29  2:49  Probe  
  32  2:54  Probe  
  33  3:01  Probe (Chrono Boost)  
  34  3:06  Probe (Chrono Boost), Dark Shrine  
  35  3:18  Probe (Chrono Boost)  
  35  3:19  Probe (Chrono Boost)  
  37  3:24  Gateway  
  37  3:26  Probe (Chrono Boost)  
  38  3:28  Probe  
  39  3:36  Gateway  
  39  3:39  Probe (Chrono Boost)  
  39  3:40  Probe (Chrono Boost)  
  41  3:47  Pylon  
  41  3:52  Probe (Chrono Boost)  
  41  3:54  Probe (Chrono Boost)  
  43  3:57  Probe (Chrono Boost)  
  43  4:01  Probe, Assimilator  
  45  4:03  Assimilator  
  45  4:06  Probe  
  46  4:12  Gateway  
  46  4:13  Gateway, Probe  
  47  4:18  Dark Templar  
  47  4:21  Dark Templar  
  51  4:25  Probe  
  51  4:29  Probe  
  51  4:30  Dark Templar  
  55  4:38  Gateway  
  55  4:55  Shield Battery  
  55  4:56  Gateway  
  55  4:57  Pylon  
  55  5:00  Shield Battery  
Show
View Real Time Build Order
Export as new Build Order

SuperNova Terran 

Build Orders: Reaper Expand 

Get SALT Encoding   

  12  0:00  SCV  
  13  0:13  SCV  
  14  0:21  Supply Depot  
  14  0:25  SCV  
  15  0:42  SCV  
  16  0:45  Barracks  
  16  0:49  Refinery  
  16  0:54  SCV  
  17  1:06  SCV  
  18  1:19  SCV  
  19  1:32  Orbital Command  
  19  1:33  Reaper  
  20  1:42  Command Center  
  20  1:53  Supply Depot  
  20  1:58  SCV  
  21  2:05  Marine  
  22  2:09  Factory  
  22  2:12  SCV  
  23  2:16  Refinery  
  23  2:24  SCV  
  23  2:27  Barracks Reactor  
  24  2:36  SCV  
  25  2:50  SCV  
  26  2:59  Starport, Orbital Command  
  26  3:01  Factory Tech Lab  
  26  3:04  Marine x2  
  26  3:05  Bunker  
  28  3:06  SCV  
  29  3:18  SCV  
  30  3:22  Marine x2  
  30  3:23  Siege Tank  
  36  3:27  SCV  
  36  3:30  SCV  
  36  3:37  Supply Depot, Starport Tech Lab  
  36  3:40  SCV  
  37  3:42  SCV  
  37  3:43  Marine  
  37  3:44  Marine  
  40  3:53  SCV  
  40  3:54  SCV  
  42  4:01  Banshee  
  45  4:05  Supply Depot, SCV  
  45  4:06  SCV  
  47  4:15  Marine x2  
  49  4:17  SCV  
  49  4:18  SCV  
  49  4:24  Siege Tank  
  54  4:28  Supply Depot  
  54  4:29  SCV  
  54  4:31  SCV  
  56  4:33  Marine x2  
  58  4:41  Command Center, SCV  
  58  4:43  SCV  
Tags
 
Add a new tag
Caveats
  • Supply blocks, unpowered buildings, or Contaminate may cause inaccurate times.
  • Supply counts are checked every 10 seconds.